[Event "Swedish Chess Championship 2019: Kadett-SM"]
[Site "Stiga Sports Arena, Arenatorget 1, Eskilstuna, Sweden, Sweden"]
[Date "2019.07.08"]
[Round "1.1"]
[White "Ivarsson, Sebastian"]
[Black "Ostling, Albin"]
[Result "1-0"]
[TimeControl "90 minutes for 40 moves + 30 minutes for the rest of the game + 30 seconds per move from move one"]
[WhiteFideId "1738593"]
[BlackFideId "1746430"]
[WhiteElo "2079"]
[BlackElo "1660"]

1. d4 Nf6 2. c4 g6 3. Nc3 Bg7 4. Nf3 O-O 5. g3 d6 6. Bg2 Qe8 7. b3 e5 8. dxe5 dxe5 9. Ba3 e4 10.
Nd4 e3 11. f3 Qe5 12. Bxf8 Kxf8 13. Rc1 Nh5 14. Ndb5 Nd7 15. O-O f5 16. f4 Qc5 17. Na4 Qe7 18. Nxc7 g5 19. Nxa8 gxf4 20.
gxf4 Qh4 21. Qd6+ Kg8 22. Qe6+ Kh8 23. Qxf5 Ng3 24. hxg3 1-0

[Event "Swedish Chess Championship 2019: Kadett-SM"]
[Site "Stiga Sports Arena, Arenatorget 1, Eskilstuna, Sweden, Sweden"]
[Date "2019.07.08"]
[Round "1.2"]
[White "Alfredsson, Daniel"]
[Black "Nguyen, Gabriel"]
[Result "0-1"]
[TimeControl "90 minutes for 40 moves + 30 minutes for the rest of the game + 30 seconds per move from move one"]
[WhiteFideId "1742205"]
[BlackFideId "1720791"]
[WhiteElo "1652"]
[BlackElo "2035"]

1. d4 Nf6 2. Bf4 g6 3. Nc3 d5 4. e3 Bg7 5. Nf3 O-O 6. Nb5 Na6 7. c4 c6 8. Nc3 Bf5 9. Be2 Ne4 10.
cxd5 Nxc3 11. bxc3 cxd5 12. Qb3 Qa5 13. O-O b6 14. Bxa6 Qxa6 15. Qxd5 Be6 16. Qe4 Rfd8 17. Qc2 Rac8 18.
Rfc1 Qa3 19. Ng5 Bc4 20. Nf3 Be6 21. Ng5 Bc4 22. Nf3 Be6 23. Ng5 Bd5 24. Qd3 a6 25. Nf3 b5 26. Qd2 Rc6 27.
Ne5 Bxe5 28. dxe5 Rcc8 29. Rd1 Bc4 30. Qc2 Rxd1+ 31. Rxd1 Qxa2 32. Qe4 Qe2 33. Qd4 h5 34. h3 a5 35.
Bg5 Be6 36. Bxe7 Qc4 37. Qxc4 Bxc4 38. Ra1 Ra8 39. Bb4 a4 40. f4 Rd8 41. Bd6 Kg7 42. Kf2 Rc8 43. Rd1 Bb3 44. Rc1 f6 45.
h4 fxe5 46. Bxe5+ Kf7 47. Ra1 Ra8 48. Ra3 Rd8 49. Bd4 Re8 50. Kf3 Bd5+ 51. Kf2 Ke6 52. Ra1 Kf5 53. Bc5 Rc8 54. Bb4 Bb3 55.
Re1 Ke4 56. Re2 Rd8 57. Ke1 Rd1+ 58. Kf2 Bc4 59. Rb2 Rf1+ 60. Kg3 Kxe3 0-1

[Event "Swedish Chess Championship 2019: Kadett-SM"]
[Site "Stiga Sports Arena, Arenatorget 1, Eskilstuna, Sweden, Sweden"]
[Date "2019.07.08"]
[Round "1.3"]
[White "Muntean, Victor"]
[Black "Nilsson, Oliver"]
[Result "1-0"]
[TimeControl "90 minutes for 40 moves + 30 minutes for the rest of the game + 30 seconds per move from move one"]
[WhiteFideId "1054414"]
[BlackFideId "1730177"]
[WhiteElo "1971"]
[BlackElo "1574"]

1. e4 e5 2. Nf3 Nc6 3. Bc4 Bc5 4. c3 Nf6 5. d3 d5 6. exd5 Nxd5 7. Qb3 Be6 8. Qxb7 Na5 9. Qb5+ c6 10.
Qxc5 Nxc4 11. Qxc6+ Ke7 12. dxc4 Rc8 13. Qb5 Nf4 14. Bxf4 exf4 15. Qg5+ f6 16. Qxg7+ Kd6 17. Na3 Bxc4 18.
Nxc4+ Rxc4 19. O-O-O+ Kc5 20. Rxd8 Rxd8 21. Qc7+ 1-0

[Event "Swedish Chess Championship 2019: Kadett-SM"]
[Site "Stiga Sports Arena, Arenatorget 1, Eskilstuna, Sweden, Sweden"]
[Date "2019.07.08"]
[Round "1.4"]
[White "Backstrom, Viggo"]
[Black "Dingertz, Erik"]
[Result "0-1"]
[TimeControl "90 minutes for 40 moves + 30 minutes for the rest of the game + 30 seconds per move from move one"]
[WhiteFideId "1739719"]
[BlackFideId "1741578"]
[WhiteElo "1510"]
[BlackElo "1959"]

1. e4 e5 2. Nf3 Nc6 3. Bc4 Bc5 4. Nc3 Nf6 5. d3 a6 6. a3 b5 7. Ba2 d6 8. b4 Ba7 9. h3 h6 10.
O-O O-O 11. Bb2 Ne7 12. Ne2 Ng6 13. Qd2 Nh5 14. d4 Qf6 15. dxe5 dxe5 16. Qc3 Re8 17. Bd5 Nhf4 18. Nxf4 Nxf4 19.
Qc6 Be6 20. Bxe6 Nxe6 21. Bxe5 Qe7 22. Rad1 Ng5 23. Nxg5 Qxe5 24. Rd5 Qf4 25. Rf5 Qd6 26. Qxd6 cxd6 27. Nxf7 Rxe4 28. Nxd6 Rd4 29.
Nb7 Rc8 30. Rc1 Rc3 31. Na5 Rd2 32. Nb3 Rdxc2 33. Rxc2 Rxc2 34. Rf3 Ra2 35. Na5 Bb8 36. Nc6 Ra1# 0-1

[Event "Swedish Chess Championship 2019: Kadett-SM"]
[Site "Stiga Sports Arena, Arenatorget 1, Eskilstuna, Sweden, Sweden"]
[Date "2019.07.08"]
[Round "1.5"]
[White "Mitra, Akash"]
[Black "Ostensson, Julia"]
[Result "1-0"]
[TimeControl "90 minutes for 40 moves + 30 minutes for the rest of the game + 30 seconds per move from move one"]
[WhiteFideId "1726714"]
[BlackFideId "1747703"]
[WhiteElo "1957"]
[BlackElo "1475"]

1. e4 e5 2. Nf3 Nc6 3. d4 exd4 4. Nxd4 Bc5 5. Be3 Nxd4 6. Bxd4 Bxd4 7.
Qxd4 Qf6 8. e5 Qb6 9. Qxb6 axb6 10. Nc3 Ne7 11. Nb5 Kd8 12. Bc4 Rf8 13. O-O-O Ng6 14. Rhe1 Ra4 15. Bb3 Rf4 16. Rd2 Rf5 17.
e6 fxe6 18. Nd4 Ke7 19. Nxf5+ Rxf5 20. c3 Rh5 21. Bc2 Nh4 22. Bd1 Ra5 23. Kb1 d6 24. g3 Ng6 25. f4 Bd7 26. Bb3 e5 27.
Bc2 Be6 28. b3 Nf8 29. c4 exf4 30. gxf4 Kd7 31. Rde2 g6 32. h4 Rh5 33. Rh2 b5 34. cxb5 Rxb5 35. h5 gxh5 36. f5 Bxf5 37.
Bxf5+ Rxf5 38. Reh1 b6 39. Rxh5 Rxh5 40. Rxh5 Kc6 41. Rf5 Ne6 42. Rf7 Ng5 43. Rg7 Ne4 44. Rxh7 d5 45. Kc2 Nc5 46.
Kc3 Na6 47. a3 Kc5 48. Rh6 Kb5 49. Kd4 Nc5 50. b4 Na6 51. Kxd5 c5 52. bxc5 Nxc5 53. Rh4 Na6 54. Rh3 Nc5 55.
Kd4 Ne6+ 56. Kc3 Nc5 57. Rh8 Ne4+ 58. Kd4 Nc5 59. Ra8 Na4 60. Kd5 Nc3 61. Kd6 Ne4+ 62. Kc7 Nc5 63. Re8 Na6+ 64.
Kb7 Nc5+ 65. Ka7 Ka5 66. Re5 Kb5 67. Rh5 Kc6 68. Rh6+ Kb5 69. Rxb6+ Ka4 70. Rc6 Nb3 71. Ra6+ Kb5 72.
a4+ Kb4 73. Kb6 Nc5 74. a5 Nd7+ 75. Kc7 Nc5 76. Rc6 1-0

[Event "Swedish Chess Championship 2019: Kadett-SM"]
[Site "Stiga Sports Arena, Arenatorget 1, Eskilstuna, Sweden, Sweden"]
[Date "2019.07.08"]
[Round "1.6"]
[White "Sandvall, Oskar"]
[Black "Lindholm, Gustav"]
[Result "0-1"]
[TimeControl "90 minutes for 40 moves + 30 minutes for the rest of the game + 30 seconds per move from move one"]
[WhiteFideId "1749145"]
[BlackFideId "1736515"]
[WhiteElo "1388"]
[BlackElo "1950"]

1. d4 d5 2. c4 c6 3. Nc3 Nf6 4. Bg5 e6 5. e4 dxe4 6. Nxe4 Bb4+ 7. Nc3 Bxc3+ 8. bxc3 Qa5 9. Bd2 O-O 10.
Nf3 Nbd7 11. Bd3 e5 12. Qc2 e4 13. Bxe4 Re8 14. Ne5 Nxe4 15. Qxe4 f6 16. f4 fxe5 17. fxe5 Qa6 18. O-O Qxc4 19.
Rae1 Nf8 20. Qf3 Be6 21. Re2 Ng6 22. Bf4 Nxf4 0-1

[Event "Swedish Chess Championship 2019: Kadett-SM"]
[Site "Stiga Sports Arena, Arenatorget 1, Eskilstuna, Sweden, Sweden"]
[Date "2019.07.09"]
[Round "2.1"]
[White "Hall, Alexander"]
[Black "Ivarsson, Sebastian"]
[Result "1/2-1/2"]
[TimeControl "90 minutes for 40 moves + 30 minutes for the rest of the game + 30 seconds per move from move one"]
[WhiteFideId "1738933"]
[BlackFideId "1738593"]
[WhiteElo "1805"]
[BlackElo "2079"]

1. d4 Nf6 2. c4 g6 3. Nc3 Bg7 4. e4 d6 5. Nf3 O-O 6. Be2 e5 7. dxe5 dxe5 8. Qxd8 Rxd8 9. Bg5 Re8 10.
Nd5 Nxd5 11. cxd5 f5 12. Nd2 h6 13. Be3 fxe4 14. Nxe4 Bf5 15. f3 Rd8 16. g4 Bxe4 17. fxe4 c6 18.
Bc4 Kh7 19. Rc1 Nd7 20. dxc6 bxc6 21. Be2 Nf6 22. Bf3 Rdb8 23. Rc2 Rb4 24. Bc5 Rb5 25. Be7 Ng8 26. Ba3 Bf8 27. Rxc6 Bxa3 28.
bxa3 Rf8 29. Rc7+ Kh8 30. O-O a5 31. Be2 Rxf1+ 32. Bxf1 Rb2 33. Rc6 Kg7 34. Bc4 Nf6 35. Rc7+ Kh8 36.
Rf7 Nxg4 37. Rf8+ Kg7 38. Rf7+ Kh8 39. Rf8+ Kg7 40. Rf7+ 1/2-1/2

[Event "Swedish Chess Championship 2019: Kadett-SM"]
[Site "Stiga Sports Arena, Arenatorget 1, Eskilstuna, Sweden, Sweden"]
[Date "2019.07.09"]
[Round "2.2"]
[White "Nguyen, Gabriel"]
[Black "Bensryd, Hampus"]
[Result "1/2-1/2"]
[TimeControl "90 minutes for 40 moves + 30 minutes for the rest of the game + 30 seconds per move from move one"]
[WhiteFideId "1720791"]
[BlackFideId "1738330"]
[WhiteElo "2035"]
[BlackElo "1938"]

1. d4 Nf6 2. Nf3 e6 3. c4 b6 4. g3 Bb7 5. Bg2 d5 6. O-O Be7 7. Nc3 O-O 8. Ne5 Nbd7 9. Qa4 c6 10.
Nxd7 Qxd7 11. Bg5 Rfd8 12. Rfd1 h6 13. Bf4 Bd6 14. Bxd6 Qxd6 15. e4 dxe4 16. Nxe4 Nxe4 17. Bxe4 Qc7 18.
Rac1 c5 19. Bxb7 1/2-1/2

[Event "Swedish Chess Championship 2019: Kadett-SM"]
[Site "Stiga Sports Arena, Arenatorget 1, Eskilstuna, Sweden, Sweden"]
[Date "2019.07.09"]
[Round "2.3"]
[White "Joensson, Oscar"]
[Black "Muntean, Victor"]
[Result "1-0"]
[TimeControl "90 minutes for 40 moves + 30 minutes for the rest of the game + 30 seconds per move from move one"]
[WhiteFideId "1729977"]
[BlackFideId "1054414"]
[WhiteElo "1752"]
[BlackElo "1971"]

1. d4 Nf6 2. Nf3 g6 3. e3 Bg7 4. b3 O-O 5. Bb2 d6 6. Be2 c5 7. O-O Nfd7 8. Nbd2 e5 9. dxe5 Nxe5 10.
Nxe5 Bxe5 11. Bxe5 dxe5 12. Ne4 b6 13. Qxd8 Rxd8 14. Nf6+ Kg7 15. Bf3 Kxf6 16. Bxa8 Rd2 17. Rfd1 Rxd1+ 18. Rxd1 Ke7 19. f4 Bf5 20. c3 Nd7 21. Bc6 Nb8 22. Bd5 Nd7 23. e4 Bg4 24. Rf1 Be2 25. Rf2 Bd3 26. Rd2 Bb1 27.
g3 f6 28. Kf2 f5 29. Ke3 a5 30. a3 h6 31. b4 axb4 32. axb4 Nf6 33. fxe5 Ng4+ 34. Kf3 Nxe5+ 35. Kf4 Kf6 36.
bxc5 bxc5 37. h3 Bxe4 38. Bg8 Nd3+ 39. Ke3 Ne5 40. Rd8 Kg5 41. Rc8 c4 42. Bxc4 Bg2 43. h4+ Kg4 44. Kf2 Bf3 45.
Bf1 g5 46. hxg5 hxg5 47. Rh8 Bg2 48. Kxg2 1-0

[Event "Swedish Chess Championship 2019: Kadett-SM"]
[Site "Stiga Sports Arena, Arenatorget 1, Eskilstuna, Sweden, Sweden"]
[Date "2019.07.09"]
[Round "2.4"]
[White "Dingertz, Erik"]
[Black "Johansson-Ohman, Daniel"]
[Result "1-0"]
[TimeControl "90 minutes for 40 moves + 30 minutes for the rest of the game + 30 seconds per move from move one"]
[WhiteFideId "1741578"]
[BlackFideId "1736361"]
[WhiteElo "1959"]
[BlackElo "1825"]

1. c4 e5 2. g3 Nc6 3. Bg2 f5 4. Nc3 Nf6 5. d3 g6 6. a3 Bg7 7. Rb1 O-O 8. b4 Ne7 9. Nf3 d6 10.
Qb3 Kh8 11. c5 dxc5 12. Nxe5 Ne8 13. Nf3 cxb4 14. axb4 Nd6 15. O-O Nc6 16. Bg5 Qd7 17. Rfc1 Ne5 18. Bf4 Nxf3+ 19. Bxf3 c6 20.
b5 Nxb5 21. Nxb5 cxb5 22. Rc7 Qd8 23. Qxb5 g5 24. Be5 Bxe5 25. Qxe5+ Qf6 26. Qxf6+ Rxf6 27. Bxb7 Bxb7 28. Rbxb7 a5 29.
Rxh7+ Kg8 30. Rbg7+ Kf8 31. Rh8+ 1-0

[Event "Swedish Chess Championship 2019: Kadett-SM"]
[Site "Stiga Sports Arena, Arenatorget 1, Eskilstuna, Sweden, Sweden"]
[Date "2019.07.09"]
[Round "2.6"]
[White "Lindholm, Gustav"]
[Black "Nord, Gabriel"]
[Result "1-0"]
[TimeControl "90 minutes for 40 moves + 30 minutes for the rest of the game + 30 seconds per move from move one"]
[WhiteFideId "1736515"]
[BlackFideId "1740660"]
[WhiteElo "1950"]
[BlackElo "1792"]

1. d4 d5 2. c4 e6 3. Nc3 Nf6 4. Bg5 Be7 5. Nf3 Nbd7 6. e3 b6 7. cxd5 Nxd5 8. Nxd5 exd5 9. Bxe7 Qxe7 10.
Qb3 Bb7 11. Rc1 c6 12. Bd3 O-O 13. O-O f5 14. Rfe1 Kh8 15. a4 a5 16. Re2 Rab8 17. Qc2 Qf6 18. Qd2 g5 19. g3 h6 20.
Ree1 Qe7 21. Rb1 c5 22. dxc5 Nxc5 23. Nd4 Nxd3 24. Qxd3 Qd7 25. Nb5 Ba6 26. Qd4+ Kh7 27. Nc3 Rfd8 28.
Rbd1 Bc4 29. e4 Bb3 30. Rd3 Qe6 31. e5 Rbc8 32. Qe3 Bc4 33. Rd4 Rc5 34. Kg2 Rdc8 35. h4 g4 36. Red1 Rd8 37.
Qf4 Ba6 38. Qe3 Rc4 39. Kg1 Rc5 40. Qf4 Kg6 41. R1d2 Bb7 42. Nb5 Re8 43. Nd6 Re7 44. Nxf5 Qxf5 45. h5+ Qxh5 46. Qf6+ Kh7 47.
Qxe7+ Kg8 48. Qxb7 Qxe5 49. Rd1 Rc2 50. Rxd5 1-0

[Event "Swedish Chess Championship 2019: Kadett-SM"]
[Site "Stiga Sports Arena, Arenatorget 1, Eskilstuna, Sweden, Sweden"]
[Date "2019.07.09"]
[Round "3.1"]
[White "Lindholm, Gustav"]
[Black "Dingertz, Erik"]
[Result "0-1"]
[TimeControl "90 minutes for 40 moves + 30 minutes for the rest of the game + 30 seconds per move from move one"]
[WhiteFideId "1736515"]
[BlackFideId "1741578"]
[WhiteElo "1950"]
[BlackElo "1959"]

1. d4 Nf6 2. c4 e6 3. Nc3 Bb4 4. Qc2 O-O 5. a3 Bxc3+ 6. Qxc3 d5 7. Bg5 dxc4 8. Qxc4 b6 9. Nf3 Ba6 10.
Qc2 Nbd7 11. g3 c5 12. dxc5 Rc8 13. Rd1 Rxc5 14. Qa4 Qc8 15. Bd2 Rc4 16. Qb3 Nc5 17. Qa2 Nce4 18. e3 Nxd2 19.
Nxd2 Rc2 20. Qb1 Bxf1 21. Rxf1 Rd8 22. f3 Nd5 23. Ne4 Rxh2 24. Rf2 Rh1+ 25. Ke2 Nf4+ 26. gxf4 Rdxd1 27. Qxd1 Rxd1 28.
Kxd1 h5 29. Rh2 Qd7+ 30. Rd2 Qb5 31. Ke1 Kf8 32. Rc2 Qb3 33. Re2 Ke7 34. Kf2 Qd1 35. Ng3 Qc1 36. Nxh5 Qh1 37. Nxg7 Qh7 38.
Nxe6 fxe6 39. Rd2 Qh2+ 40. Ke1 Qg1+ 41. Ke2 Qg2+ 42. Kd3 Qxf3 43. Rc2 Kd6 44. Rc3 Qd1+ 45. Kc4 Qd5+ 46. Kb4 a5+ 47.
Ka4 Ke7 48. Rc7+ Kf6 49. Rc3 Kf5 50. b4 Ke4 51. f5 exf5 52. Rc4 Kxe3 0-1

[Event "Swedish Chess Championship 2019: Kadett-SM"]
[Site "Stiga Sports Arena, Arenatorget 1, Eskilstuna, Sweden, Sweden"]
[Date "2019.07.09"]
[Round "3.2"]
[White "Mitra, Akash"]
[Black "Joensson, Oscar"]
[Result "0-1"]
[TimeControl "90 minutes for 40 moves + 30 minutes for the rest of the game + 30 seconds per move from move one"]
[WhiteFideId "1726714"]
[BlackFideId "1729977"]
[WhiteElo "1957"]
[BlackElo "1752"]

1. d4 Nf6 2. Bf4 d5 3. e3 c5 4. Nd2 Nc6 5. c3 Bf5 6. Ngf3 e6 7. Ne5 Be7 8. Be2 h6 9. g4 Bh7 10.
Bg3 Qb6 11. Qb3 c4 12. Qxb6 axb6 13. O-O O-O 14. f4 Nxe5 15. fxe5 Ne4 16. Nxe4 Bxe4 17. Bf3 Bd3 18. Rf2 b5 19.
Bd1 b4 20. cxb4 Bxb4 21. Bc2 Rfc8 22. a3 Ba5 23. Rd1 Bxc2 24. Rxc2 b5 25. Be1 Bxe1 26. Rxe1 b4 27. axb4 Rcb8 28.
e4 Rxb4 29. exd5 exd5 30. Kg2 Rb3 31. Rd2 Rab8 32. Ree2 R8b6 33. Rf2 Rg6 34. Rf4 h5 35. h3 hxg4 36. hxg4 Rgb6 37. Rff2 Rh6 38.
Kg1 Rhh3 39. Rg2 Rbd3 40. g5 Rhg3 41. Rxg3 Rxd2 42. b3 Rxd4 43. bxc4 dxc4 44. g6 Rd3 45. gxf7+ Kxf7 46. Rg4 c3 47.
Rc4 Ke6 48. Rc5 g5 49. Kf2 g4 50. Ke2 Rh3 51. Kf2 Kf5 52. Rc4 Rd3 53. Ke2 g3 54. Rc8 g2 55. Kf2 Rd2+ 56. Kg1 c2 57.
Kh2 g1=Q+ 0-1

[Event "Swedish Chess Championship 2019: Kadett-SM"]
[Site "Stiga Sports Arena, Arenatorget 1, Eskilstuna, Sweden, Sweden"]
[Date "2019.07.09"]
[Round "3.3"]
[White "Ivarsson, Sebastian"]
[Black "Nguyen, Gabriel"]
[Result "1/2-1/2"]
[TimeControl "90 minutes for 40 moves + 30 minutes for the rest of the game + 30 seconds per move from move one"]
[WhiteFideId "1738593"]
[BlackFideId "1720791"]
[WhiteElo "2079"]
[BlackElo "2035"]

1. d4 f5 2. g3 Nf6 3. Bg2 g6 4. Nf3 Bg7 5. O-O O-O 6. c4 d6 7. b3 c6 8. Bb2 Na6 9. Nc3 Qe8 10.
d5 Bd7 11. Nd4 Nc7 12. Qd2 c5 13. Ne6 Nxe6 14. dxe6 Bxe6 15. Bxb7 Bf7 16. Bg2 Rd8 17. Rfe1 e5 18. e4 f4 19.
gxf4 Bh6 20. Ne2 Nh5 21. Qa5 Nxf4 22. Nxf4 Bxf4 23. Qxa7 Be6 24. Bc1 Rd7 25. Qa5 Qf7 26. Rf1 g5 27.
Bxf4 gxf4 28. f3 Qh5 29. Kh1 Rf6 30. Rf2 Rh6 31. Bf1 Rg6 32. Qd2 Rdg7 33. Bg2 Rh6 34. Bf1 1/2-1/2

[Event "Swedish Chess Championship 2019: Kadett-SM"]
[Site "Stiga Sports Arena, Arenatorget 1, Eskilstuna, Sweden, Sweden"]
[Date "2019.07.09"]
[Round "3.4"]
[White "Bensryd, Hampus"]
[Black "Zarytovskaya, Margo"]
[Result "0-1"]
[TimeControl "90 minutes for 40 moves + 30 minutes for the rest of the game + 30 seconds per move from move one"]
[WhiteFideId "1738330"]
[BlackFideId "14149249"]
[WhiteElo "1938"]
[BlackElo "1895"]

1. e4 c5 2. Be2 Nc6 3. f4 g6 4. Nf3 Bg7 5. d3 d6 6. O-O e6 7. c3 Nge7 8. Na3 O-O 9. Nc2 a6 10.
d4 b6 11. Be3 f5 12. e5 cxd4 13. cxd4 Nd5 14. Qd2 Bb7 15. Bc4 Na5 16. b3 Rc8 17. Bxd5 Bxd5 18. Nb4 Bb7 19. Qe2 Nc6 20.
Nd3 Ne7 21. Rac1 Qd7 22. exd6 Qxd6 23. Nfe5 Nd5 24. Nc4 Qd8 25. Nce5 Nc3 26. Qb2 Qd5 27. Rf2 Qe4 28. Rxc3 Qxe3 29.
Rc1 Bxe5 30. Re1 Qxd3 31. Rxe5 Be4 32. Rxe6 Qe3 33. h3 Rc1+ 34. Kh2 Rfc8 35. d5 R8c3 0-1

[Event "Swedish Chess Championship 2019: Kadett-SM"]
[Site "Stiga Sports Arena, Arenatorget 1, Eskilstuna, Sweden, Sweden"]
[Date "2019.07.09"]
[Round "3.5"]
[White "Muntean, Victor"]
[Black "Hall, Alexander"]
[Result "1-0"]
[TimeControl "90 minutes for 40 moves + 30 minutes for the rest of the game + 30 seconds per move from move one"]
[WhiteFideId "1054414"]
[BlackFideId "1738933"]
[WhiteElo "1971"]
[BlackElo "1805"]

1. e4 c5 2. c3 g6 3. Nf3 Bg7 4. d4 cxd4 5. cxd4 d5 6. e5 Bg4 7. Be2 e6 8. Nc3 Nc6 9. O-O Nge7 10. a3 Bxf3 11. Bxf3 Qb6 12. Be3 Na5 13. b4 Nc4 14. Qb3 O-O 15.
Na4 Qc7 16. Rfc1 b5 17. Nc5 Rfd8 18. a4 a6 19. Bg5 Re8 20. a5 Nf5 21. Qc3 h6 22.
Bf4 Kh7 23. g4 Nh4 24. Bg3 Nxf3+ 25. Qxf3 Qe7 26. Qe2 Rh8 27. f4 Kg8 28. Rf1 h5 29.
f5 gxf5 30. gxf5 exf5 31. Rxf5 h4 32. Bf4 Nd6 33. Bg5 f6 34. Bxf6 Bxf6 35. Rxf6 Qg7+ 36. Kh1 Nf7 37. Ne6 1-0

[Event "Swedish Chess Championship 2019: Kadett-SM"]
[Site "Stiga Sports Arena, Arenatorget 1, Eskilstuna, Sweden, Sweden"]
[Date "2019.07.09"]
[Round "3.6"]
[White "Johansson-Ohman, Daniel"]
[Black "Nilsson, Oliver"]
[Result "1-0"]
[TimeControl "90 minutes for 40 moves + 30 minutes for the rest of the game + 30 seconds per move from move one"]
[WhiteFideId "1736361"]
[BlackFideId "1730177"]
[WhiteElo "1825"]
[BlackElo "1574"]

1. c4 Nf6 2. g3 g6 3. Bg2 Bg7 4.
Nc3 O-O 5. Nf3 d6 6. O-O c6 7. Rb1 a5 8. a3 e5 9.
b4 Be6 10. d3 h6 11. Qc2 axb4 12. axb4 Nbd7 13. Bd2 Qc7 14. b5 d5 15. bxc6 bxc6 16. cxd5 cxd5 17. Rfc1 Rfc8 18. Qb2 e4 19.
Nxe4 Nxe4 20. Rxc7 Bxb2 21. Rxc8+ Rxc8 22. Rxb2 Nxd2 23. Nxd2 Rc1+ 24. Bf1 Ne5 25. Rb1 Rc2 26. Nb3 Bg4 27.
f3 Bxf3 28. Nd4 Ra2 29. Nxf3 Ng4 30. Bh3 Ne3 31. Kf2 Nc2 32. Bd7 g5 33. g4 Kg7 34. Bc6 h5 35. h3 hxg4 36. hxg4 f5 37.
Bxd5 Ra5 38. Be6 f4 39. Bc4 Ne3 40. Be6 Kf6 41. Bd7 Ra6 42. Nd2 Ke7 43. Bf5 Rh6 44. Nf1 Nc2 45. Rb7+ Ke8 46.
Rg7 Rh1 47. Rxg5 Nb4 48. Rh5 Rxh5 49. gxh5 Nd5 50. e3 fxe3+ 51. Nxe3 Nb4 52. Ng4 Kf7 53. h6 Kg8 54. Ne5 Nd5 55.
h7+ Kg7 56. Nf7 1-0

[Event "Swedish Chess Championship 2019: Kadett-SM"]
[Site "Stiga Sports Arena, Arenatorget 1, Eskilstuna, Sweden, Sweden"]
[Date "2019.07.10"]
[Round "4.1"]
[White "Dingertz, Erik"]
[Black "Joensson, Oscar"]
[Result "1/2-1/2"]
[TimeControl "90 minutes for 40 moves + 30 minutes for the rest of the game + 30 seconds per move from move one"]
[WhiteFideId "1741578"]
[BlackFideId "1729977"]
[WhiteElo "1959"]
[BlackElo "1752"]

1. c4 e6 2. g3 d5 3. Bg2 Nf6 4. b3 Be7 5. Bb2 O-O 6. Nf3 c6 7. O-O Nbd7 8. d3 b5 9. Nbd2 Qb6 10.
Qc2 a5 11. Rac1 Ba6 12. e4 Rfd8 13. Rfe1 dxc4 14. bxc4 bxc4 15. dxc4 Rab8 16. Bd4 Bc5 17. Bxc5 Nxc5 18. e5 Ng4 19.
Ne4 Nd3 20. Rb1 Nxe1 21. Rxe1 Qb2 22. Qxb2 Rxb2 23. h3 Nh6 24. Nd6 Nf5 25. c5 Rc2 26. g4 Nxd6 27. cxd6 c5 28. Rb1 f6 29. Rb6 Bc4 30. exf6 gxf6 31.
g5 Rc1+ 32. Kh2 Rd1 33. Rc6 Bd5 34. Rxc5 Bxf3 35. Bxf3 R8xd6 36. Bxd1 Rxd1 37. gxf6 Rd2 38. Rxa5 1/2-1/2

[Event "Swedish Chess Championship 2019: Kadett-SM"]
[Site "Stiga Sports Arena, Arenatorget 1, Eskilstuna, Sweden, Sweden"]
[Date "2019.07.10"]
[Round "4.2"]
[White "Zarytovskaya, Margo"]
[Black "Ivarsson, Sebastian"]
[Result "1/2-1/2"]
[TimeControl "90 minutes for 40 moves + 30 minutes for the rest of the game + 30 seconds per move from move one"]
[WhiteFideId "14149249"]
[BlackFideId "1738593"]
[WhiteElo "1895"]
[BlackElo "2079"]

1. e4 e5 2. Nf3 Nc6 3. Bc4 Bc5 4. c3 Nf6 5. d3 O-O 6. O-O d5 7. exd5 Nxd5 8. a4 a5 9. Nbd2 Nb6 10.
Bb5 Bd6 11. Ne4 Bg4 12. h3 Bh5 13. Ng3 Bg6 14. Re1 Re8 15. h4 h6 16. h5 Bh7 17. Nh2 e4 18. Ng4 Bxg3 19. fxg3 f5 20.
Nxh6+ gxh6 21. Bxh6 Qf6 22. Qd2 Re6 23. Bg5 Qf7 24. dxe4 Rxe4 25. Rxe4 fxe4 26. Rf1 Qd5 27. Qf4 Qc5+ 28.
Kh2 Rf8 29. Qg4 Ne5 30. Qe6+ Nf7 31. Bh4 Qxh5 32. Rf4 Bg6 33. Be2 Qh6 34. Bg4 Kh7 35. Rf6 Ng5 36. Qe7+ Rf7 37. Rxf7+ Nxf7 38.
Be6 Qg7 39. Bf6 Qh6+ 40. Bh4 Qg7 41. Bf6 Qh6+ 42. Bh4 1/2-1/2

[Event "Swedish Chess Championship 2019: Kadett-SM"]
[Site "Stiga Sports Arena, Arenatorget 1, Eskilstuna, Sweden, Sweden"]
[Date "2019.07.10"]
[Round "4.3"]
[White "Nguyen, Gabriel"]
[Black "Johansson-Ohman, Daniel"]
[Result "1-0"]
[TimeControl "90 minutes for 40 moves + 30 minutes for the rest of the game + 30 seconds per move from move one"]
[WhiteFideId "1720791"]
[BlackFideId "1736361"]
[WhiteElo "2035"]
[BlackElo "1825"]

1. d4 Nf6 2. c4 e6 3. Nf3 b6 4. g3 Bb7 5. Bg2 Be7 6. O-O O-O 7. b3 c5 8. d5 exd5 9. Ne1 Ne4 10.
cxd5 Bf6 11. Bxe4 Bxa1 12. Bf4 Bf6 13. Na3 Ba6 14. Qc2 h6 15. h4 d6 16. Ng2 Qe7 17. Ne3 Be5 18. Nf5 Qd7 19.
Bc1 b5 20. g4 b4 21. Nc4 Bxc4 22. bxc4 f6 23. f4 Bd4+ 24. Kg2 Kf7 25. Ng3 Ke7 26. Bf5 Qb7 27. Be6 Kd8 28. Qg6 Re8 29.
Kh3 Na6 30. Nf5 Qc7 31. Nxg7 Re7 32. Nf5 Rxe6 33. dxe6 Kc8 34. Qe8+ Kb7 35. Qb5+ Qb6 1-0

[Event "Swedish Chess Championship 2019: Kadett-SM"]
[Site "Stiga Sports Arena, Arenatorget 1, Eskilstuna, Sweden, Sweden"]
[Date "2019.07.10"]
[Round "4.4"]
[White "Nord, Gabriel"]
[Black "Muntean, Victor"]
[Result "0-1"]
[TimeControl "90 minutes for 40 moves + 30 minutes for the rest of the game + 30 seconds per move from move one"]
[WhiteFideId "1740660"]
[BlackFideId "1054414"]
[WhiteElo "1792"]
[BlackElo "1971"]

1. e4 e5 2. Nf3 Nc6 3. Bb5 a6 4. Ba4 Nf6 5. O-O Be7 6. Re1 b5 7. Bb3 O-O 8. c3 d5 9. exd5 Nxd5 10.
Nxe5 Nxe5 11. Rxe5 c6 12. Re1 Bd6 13. d4 Qh4 14. g3 Qh3 15. Qf3 Bg4 16. Qg2 Qh5 17. Bxd5 cxd5 18. Nd2 Rae8 19.
Re3 Rxe3 20. fxe3 Re8 21. Nb3 Bh3 22. g4 Qh4 23. Qd2 Qxg4+ 24. Kh1 Qf3+ 25. Kg1 Qf1# 0-1

[Event "Swedish Chess Championship 2019: Kadett-SM"]
[Site "Stiga Sports Arena, Arenatorget 1, Eskilstuna, Sweden, Sweden"]
[Date "2019.07.10"]
[Round "4.5"]
[White "Ostling, Albin"]
[Black "Mitra, Akash"]
[Result "1/2-1/2"]
[TimeControl "90 minutes for 40 moves + 30 minutes for the rest of the game + 30 seconds per move from move one"]
[WhiteFideId "1746430"]
[BlackFideId "1726714"]
[WhiteElo "1660"]
[BlackElo "1957"]

1. e4 c5 2. Nc3 e6 3. f4 a6 4.
a4 Nc6 5. Nf3 Nge7 6. g3 d5 7. Bg2 Rb8 8. O-O g6 9. d4 cxd4 10. Nxd4 Bg7 11. e5 Nxd4 12. Qxd4 Nc6 13. Qf2 O-O 14.
Ne2 Qc7 15. Be3 b6 16. Rfc1 f6 17. exf6 Bxf6 18. Nd4 Nxd4 19. Bxd4 Bxd4 20. Qxd4 Qc5 21. c3 Bd7 22. b4 Qxd4+ 23. cxd4 Rfc8 24. Bf1 a5 25. b5 Kg7 26. h4 h6 27. Kg2 Kf6 28. Kf3 Be8 29. Bh3 Bd7 30. Kg2 Ke7 31. Bg4 Kd6 32.
Be2 Be8 33. Bd3 Ke7 1/2-1/2